Map: Frost LE

Players

llllllllllll - Winner!

  • Race: Protoss Protoss
  • League: Diamond

Culprate

  • Race: Terran Terran
  • League: Diamond

VOD

Have the link to the VOD?

Description

Time

  • Played on: July 15, 2016, 4:20 p.m.
  • Length: 18:06
Show
View Real Time Build Order
Export as new Build Order

llllllllllll Protoss - Winner!

Build Orders: 1 Gate Expand, Oracle Opening 

Get SALT Encoding   

  12  0:01  Probe (Chrono Boost)  
  13  0:12  Probe (Chrono Boost)  
  14  0:23  Probe (Chrono Boost)  
  14  0:25  Pylon  
  15  0:43  Probe (Chrono Boost)  
  15  0:47  Gateway  
  16  0:50  Assimilator  
  16  0:53  Probe (Chrono Boost)  
  17  1:03  Assimilator  
  18  1:04  Probe (Chrono Boost)  
  18  1:15  Probe (Chrono Boost)  
  19  1:25  Probe (Chrono Boost)  
  20  1:31  Nexus  
  20  1:36  Probe (Chrono Boost)  
  21  1:45  Cybernetics Core  
  21  1:51  Probe (Chrono Boost)  
  22  2:02  Probe (Chrono Boost)  
  23  2:14  Pylon  
  23  2:32  Stalker  
  23  2:33  Mothership Core (Chrono Boost)  
  23  2:34  Stargate  
  28  2:51  Probe (Chrono Boost)  
  28  3:02  Stalker  
  30  3:06  Probe (Chrono Boost)  
  30  3:08  Assimilator  
  30  3:09  Probe (Chrono Boost)  
  32  3:17  Probe (Chrono Boost)  
  32  3:18  Oracle  
  32  3:19  Probe (Chrono Boost)  
  37  3:32  Forge  
  37  3:38  Probe (Chrono Boost)  
  37  3:39  Probe (Chrono Boost)  
  40  3:48  Probe (Chrono Boost)  
  40  3:52  Nexus  
  40  4:09  Stalker  
  38  4:13  Mothership Core (Chrono Boost)  
  38  4:15  Pylon  
  36  4:40  Probe (Chrono Boost), Sentry  
  38  4:48  Probe (Chrono Boost)  
  38  4:51  Probe (Chrono Boost)  
  40  4:58  Probe (Chrono Boost)  
  41  5:01  Probe (Chrono Boost)  
  41  5:04  Probe (Chrono Boost)  
  41  5:06  Void Ray  
  47  5:09  Probe (Chrono Boost)  
  47  5:12  Probe (Chrono Boost)  
  49  5:14  Probe (Chrono Boost)  
  49  5:19  Probe (Chrono Boost), Assimilator  
  51  5:22  Probe (Chrono Boost)  
  51  5:25  Stargate, Probe (Chrono Boost)  
  53  5:30  Probe (Chrono Boost)  
  53  5:33  Probe (Chrono Boost)  
  53  5:35  Photon Cannon x2  
  55  5:36  Probe (Chrono Boost)  
  55  5:40  Probe (Chrono Boost)  
  57  5:43  Probe (Chrono Boost)  
  57  5:46  Probe (Chrono Boost)  
  56  5:54  Probe (Chrono Boost)  
  57  5:57  Probe (Chrono Boost)  
  57  5:59  Assimilator  
  57  6:00  Void Ray  
  62  6:08  Probe (Chrono Boost)  
  62  6:09  Void Ray, Stargate  
  67  6:12  Pylon, Probe (Chrono Boost)  
  69  6:18  Probe (Chrono Boost)  
  69  6:31  Probe (Chrono Boost)  
  70  6:33  Pylon  
  70  6:43  Void Ray  
  70  6:44  Probe (Chrono Boost)  
  75  6:49  Assimilator  
  75  6:52  Void Ray  
  79  7:02  Photon Cannon  
  79  7:05  Mothership Core (Chrono Boost), Pylon  
  79  7:06  Void Ray  
  85  7:19  Pylon  
  85  7:22  Pylon  
  85  7:23  Probe (Chrono Boost)  
  85  7:24  Pylon  
  85  7:26  Void Ray  
  85  7:27  Probe (Chrono Boost)  
  91  7:33  Probe (Chrono Boost)  
  91  7:34  Photon Cannon  
  91  7:36  Void Ray  
  96  7:49  Void Ray  
  90  8:07  Mothership Core (Chrono Boost)  
  90  8:09  Void Ray  
  96  8:17  Photon Cannon  
  96  8:19  Photon Cannon, Void Ray  
  98  8:32  Void Ray  
  102  8:42  Probe (Chrono Boost)  
  103  8:51  Void Ray, Nexus  
  103  8:52  Probe (Chrono Boost)  
  106  9:02  Void Ray  
  111  9:03  Probe (Chrono Boost)  
  109  9:41  Photon Cannon  
  109  10:01  Probe x2 (Chrono Boost)  
  109  10:02  Void Ray  
  109  10:03  Void Ray x2  
  115  10:11  Probe x2 (Chrono Boost)  
  117  10:19  Probe (Chrono Boost)  
  118  10:21  Assimilator  
  118  10:22  Probe x2 (Chrono Boost)  
  118  10:24  Warp Gate, Assimilator  
  118  10:27  Pylon  
  120  10:30  Pylon, Probe (Chrono Boost)  
  120  10:32  Probe (Chrono Boost)  
  120  10:34  Pylon  
  120  10:35  Pylon  
  122  10:41  Probe (Chrono Boost)  
  122  10:42  Pylon  
  123  10:43  Probe (Chrono Boost)  
  123  10:45  Void Ray, Pylon  
  123  10:46  Mothership Core (Chrono Boost)  
  123  10:48  Void Ray x2  
  138  10:53  Probe (Chrono Boost)  
  138  10:55  Robotics Facility  
  138  10:56  Robotics Facility  
  139  10:59  Twilight Council  
  139  11:04  Pylon  
  139  11:09  Pylon  
  139  11:24  Probe (Chrono Boost)  
  140  11:27  Void Ray  
  140  11:31  Void Ray  
  148  11:34  Cybernetics Core, Probe (Chrono Boost)  
  148  11:38  Gateway  
  148  11:39  Gateway  
  149  11:45  Pylon, Robotics Bay  
  149  11:46  Pylon  
  149  11:52  Pylon  
  149  11:54  Gateway  
  149  12:00  Gateway  
  149  12:08  Pylon, Gateway  
  121  12:57  Void Ray x2  
  121  12:58  Void Ray  
  117  13:17  Colossus x2  
  105  13:27  Photon Cannon  
  105  13:29  Photon Cannon  
  105  13:31  Photon Cannon  
  105  13:32  Stalker x4  
  105  13:33  Stalker, Templar Archives  
  115  13:35  Extended Thermal Lance  
  115  13:37  Photon Cannon  
  115  13:40  Photon Cannon  
  127  13:47  Nexus  
  127  13:48  Pylon  
  127  13:49  Pylon  
  127  13:50  Pylon  
  127  13:51  Pylon  
  95  14:12  Psionic Storm  
  81  14:19  Stalker x3  
  81  14:20  High Templar  
  81  14:21  High Templar  
  81  14:22  Colossus  
  81  14:23  Colossus  
  95  14:35  Oracle x2  
  95  14:36  Oracle  
  104  14:45  High Templar x2  
  108  14:47  High Templar  
  108  14:48  Gateway x2  
  110  14:54  Zealot  
  110  14:55  Zealot  
  114  15:01  Probe (Chrono Boost)  
  114  15:06  Probe (Chrono Boost)  
  112  15:09  Assimilator  
  112  15:12  Probe (Chrono Boost)  
  112  15:13  Assimilator  
  113  15:15  Pylon  
  113  15:16  Colossus x2  
  113  15:17  High Templar  
  113  15:18  High Templar, Probe (Chrono Boost)  
  113  15:19  Stalker  
  132  15:22  Probe (Chrono Boost)  
  126  15:47  Stalker  
  126  15:48  Stalker x2  
  132  15:50  Stalker x2  
  136  15:57  Probe (Chrono Boost)  
  136  15:59  Probe (Chrono Boost)  
  127  16:08  Probe (Chrono Boost)  
  127  16:09  Probe (Chrono Boost), Colossus  
  135  16:11  Stalker x3  
  135  16:15  Stalker x2  
  146  16:18  Probe (Chrono Boost)  
  146  16:27  Stalker x2  
  150  16:34  Stalker  
  150  16:35  Stalker x2  
  153  17:05  Stalker  
  153  17:06  Stalker x5  
  163  17:31  High Templar  
Show
View Real Time Build Order
Export as new Build Order

Culprate Terran 

Build Orders: Command Center First (CC), MMM Bio 

Get SALT Encoding   

  12  0:00  SCV  
  13  0:13  SCV  
  14  0:17  Supply Depot  
  14  0:25  SCV  
  15  0:39  SCV  
  16  0:51  SCV  
  17  1:03  SCV  
  18  1:06  Command Center  
  18  1:15  SCV  
  19  1:20  Barracks  
  19  1:27  SCV  
  20  1:33  Barracks  
  20  1:39  SCV  
  21  1:45  Refinery  
  21  1:52  SCV  
  22  2:00  Barracks  
  22  2:04  SCV  
  23  2:18  Marine, Orbital Command  
  23  2:21  Marine  
  25  2:28  Orbital Command  
  25  2:33  Refinery  
  25  2:37  Marine  
  25  2:39  Barracks Tech Lab  
  26  2:44  SCV  
  27  2:56  Marine, SCV  
  27  2:57  Marine  
  27  2:58  Engineering Bay  
  29  3:00  Marine  
  30  3:08  Stimpack  
  30  3:10  SCV x2  
  32  3:19  Marine  
  33  3:20  Marine  
  33  3:22  Marine, SCV x2  
  37  3:32  Factory  
  37  3:35  SCV  
  38  3:42  Supply Depot  
  38  3:44  Terran Infantry Weapons Level 1  
  38  3:45  Barracks Tech Lab  
  38  3:47  Barracks Reactor  
  38  4:00  Bunker  
  38  4:03  SCV  
  38  4:04  Marauder  
  40  4:10  Marauder  
  40  4:13  Concussive Shells  
  40  4:14  SCV  
  40  4:15  SCV  
  44  4:19  Refinery  
  44  4:20  Missile Turret  
  41  4:24  Marine  
  36  4:31  Marine  
  27  4:40  Marine x2  
  27  4:42  SCV x2  
  22  4:54  SCV x2  
  22  4:59  Missile Turret  
  24  5:10  Starport  
  24  5:11  Factory Reactor  
  24  5:13  SCV  
  25  5:16  Marine  
  25  5:18  Marine  
  25  5:19  Marine  
  28  5:21  Marine  
  28  5:24  SCV  
  28  5:26  SCV  
  31  5:36  SCV  
  31  5:38  Terran Infantry Armor Level 1, Marine x2, SCV  
  31  5:40  Marine  
  31  5:41  Marine  
  33  5:50  SCV x2  
  35  5:57  Marine x2  
  35  5:58  Marine x2  
  35  6:02  SCV  
  40  6:04  SCV  
  40  6:10  Supply Depot  
  41  6:14  SCV  
  41  6:18  Medivac  
  44  6:22  Medivac  
  46  6:29  Combat Shields  
  46  6:31  Marine  
  47  6:35  Marine  
  47  6:36  Marine  
  49  6:40  Marine  
  49  6:42  SCV  
  49  6:45  SCV  
  52  6:50  Medivac  
  54  7:00  SCV  
  54  7:01  SCV  
  56  7:06  Marauder  
  56  7:07  Marine  
  59  7:12  Medivac, SCV  
  62  7:18  SCV  
  62  7:20  Supply Depot  
  63  7:28  SCV, Marauder  
  66  7:30  SCV  
  52  8:00  Marine x4  
  52  8:02  Factory Reactor  
  52  8:03  Medivac x2  
  60  8:13  SCV  
  60  8:14  Command Center, SCV  
  62  8:25  SCV  
  63  8:36  Marine x2  
  63  8:37  Marine x2  
  63  8:38  Widow Mine, Viking  
  63  8:39  Widow Mine, Viking  
  68  8:45  Barracks  
  68  8:52  Barracks  
  60  9:11  Marine x2  
  49  9:19  Marine  
  49  9:20  Widow Mine x2, Marine  
  53  9:29  Marine  
  54  9:34  Viking  
  54  9:35  Orbital Command  
  54  9:40  SCV  
  54  9:45  Barracks Reactor  
  48  10:07  Marine x5  
  48  10:09  SCV x2  
  55  10:16  Orbital Command  
  55  10:21  SCV x2  
  57  10:31  Missile Turret  
  57  10:33  Marine x3, SCV x2  
  57  10:34  Marine  
  63  10:40  Viking  
  65  10:45  SCV  
  66  10:51  Marine x4  
  66  10:53  SCV x2  
  72  10:57  Refinery x2  
  72  10:58  SCV  
  72  11:01  Factory  
  73  11:09  Engineering Bay  
  73  11:16  Marine x2  
  73  11:17  Marine x4  
  79  11:19  Viking x2  
  79  11:21  Orbital Command  
  83  11:31  Supply Depot  
  83  11:34  Marine x2  
  83  11:36  Marine x4  
  89  11:49  Viking x2  
  89  11:51  Armory  
  89  11:52  Marine x2  
  89  11:53  Marine  
  96  11:54  Marine x2  
  96  11:55  Starport  
  96  11:59  Supply Depot  
  98  12:01  SCV  
  98  12:03  SCV  
  100  12:13  Factory Reactor  
  100  12:19  Medivac x2  
  104  12:23  Marine x2  
  104  12:24  Marine x3  
  104  12:25  Marine  
  90  12:49  Marine x3  
  90  12:50  Marine x2  
  93  13:01  Marine  
  94  13:07  Marine x4  
  94  13:08  Marine  
  88  13:18  Marine  
  84  13:25  Marine  
  85  13:28  Command Center  
  85  13:39  SCV  
  85  13:40  Armory  
  67  14:19  Marine  
  67  14:20  Marine x5  
  67  14:21  Medivac x2  
  76  14:37  Marine  
  76  14:38  Marine x5  
  61  14:55  Medivac x2, Marine x3  
  61  14:56  Marine x3  
  69  15:10  Starport Reactor  
  69  15:11  Widow Mine x2  
  69  15:13  Marine x6, Orbital Command  
  79  15:20  Refinery, SCV x2  
  81  15:21  Refinery  
  81  15:31  Marine x2  
  81  15:32  SCV x2  
  79  15:45  SCV x3  
  82  16:05  Marine  
  82  16:06  Marine x5  
  82  16:07  Medivac x2  
  92  16:23  Marine  
  92  16:24  Marine x5  
  98  16:28  Barracks  
  98  16:30  Barracks  
  98  16:31  Barracks  
  98  16:41  Marine  
  98  16:42  Marine  
Tags
 
Add a new tag
Caveats
  • Supply blocks, unpowered buildings, or Contaminate may cause inaccurate times.
  • Supply counts are checked every 10 seconds.